 Dungeon Crawl Stone Soup version 0.26-a0-64-g059e62fbdb (webtiles) character file.

Game seed: 2948337600871389790

6976 MarredHen the Covert (level 11, -13/72 HPs)
             Began as a Kobold Assassin on June 11, 2020.
             Was a Believer of Dithmenos.
             Mangled by a two-headed ogre
             ... wielding a +0 giant club
              (17 damage)
             ... on level 10 of the Dungeon.
             The game lasted 00:28:56 (13052 turns).

MarredHen the Covert (Kobold Assassin)             Turns: 13052, Time: 00:28:58

Health: -13/72     AC: 17    Str: 11    XL:     11   Next: 28%
Magic:  11/11      EV: 15    Int: 12    God:    Dithmenos [**....]
Gold:   557        SH:  7    Dex: 20    Spells: 10/10 levels left

rFire    . . .     SeeInvis .   g - +4 short sword
rCold    . . .     Gourm    .   a - +0 kite shield
rNeg     . . .     Faith    .   b - +0 robe
rPois    .         Spirit   .   (no helmet)
rElec    .         Reflect  .   z - +2 cloak
rCorr    .         Harm     .   (no gloves)
MR       .....                  B - +3 pair of boots of the End {Str+2}
Stlth    ++++++++..             w - amulet of the acrobat
HPRegen  0.22/turn              k - +4 ring of protection
MPRegen  0.12/turn              v - +4 ring of protection

@: wreathed by umbra
A: small, carnivore
a: Shadow Step, Renounce Religion


You were on level 10 of the Dungeon.
You worshipped Dithmenos.
Dithmenos was pleased with you.
You were very full.

You visited 1 branch of the dungeon, and saw 12 of its levels.

You collected 557 gold pieces.

Inventory:

Hand Weapons
 g - a +4 short sword (weapon)
 u - a +2 flail of holy wrath
 x - a +2 mace of protection
 D - a cursed -3 short sword
Missiles
 d - 25 poisoned darts (quivered)
 e - 10 curare-tipped darts
Armour
 a - a +0 kite shield (worn)
 b - a +0 robe (worn)
 c - a +0 cloak
 l - a +0 pair of boots
 z - a +2 cloak (worn)
 B - the +3 pair of boots of the End (worn) {Str+2}
   (You found it on level 7 of the Dungeon)

   It affects your strength (+2).
Jewellery
 k - a +4 ring of protection (left hand)
 v - a +4 ring of protection (right hand)
 w - an amulet of the acrobat (around neck)
 y - an uncursed ring of protection from cold {unknown}
 C - a cursed ring of teleportation {unknown}
Wands
 i - a wand of digging (5)
 n - a wand of acid (5)
 q - a wand of paralysis (8)
 t - a wand of iceblast (24)
 F - a wand of random effects (19)
 G - a wand of enslavement (13)
Scrolls
 h - 4 scrolls of fog
 j - 5 scrolls of remove curse
 m - 3 scrolls of enchant weapon
 p - 2 scrolls of identify
 r - 2 scrolls of amnesia
 s - 3 scrolls of teleportation
Potions
 o - a potion of might
 A - 2 potions of flight
 E - a potion of haste {unknown}
Comestibles
 f - 16 rations


   Skills:
 + Level 10.0 Fighting
 + Level 11.7 Short Blades
 - Level 5.2 Throwing
 - Level 5.0 Dodging
 + Level 13.4 Stealth


You had 10 spell levels left.
You didn't know any spells.
Your spell library contained the following spells:

 Spells                   Type           Power        Failure   Level  Hunger
 Foxfire                  Conj/Fire      #...         93%         1    ##.....
 Conjure Flame            Conj/Fire      #.......     100%        3    ####...
 Inner Flame              Hex/Fire       #.......     100%        3    ####...
 Sticky Flame             Conj/Fire      #.......     100%        4    #####..
 Fireball                 Conj/Fire      #.........   100%        5    ######.


Dungeon Overview and Level Annotations

Branches:
Dungeon (12/15)            Temple (0/1) D:6            Lair (0/6) D:9
    Orc: D:9-12

Altars:
Cheibriados
Dithmenos
Fedhas
Hepliaklqana
Kikubaaqudgha
Makhleb
Nemelex Xobeh
Ru
Sif Muna
Trog
Vehumet
Wu Jian
Yredelemnul

Portals:
Trove: D:10 (give +3 shadow dragon scales)

Annotations:
D:9 exclusion: oklob plant
D:10 1 runed translucent door, GameOver's ghost, novice NaWz


Innate Abilities, Weirdness & Mutations

You are small and have problems with some larger weapons.
You are carnivorous and can eat meat at any time.


Message History

You hit the two-headed ogre.
The two-headed ogre is almost dead.
The two-headed ogre closely misses you.
The two-headed ogre hits you with a +0 giant club.
* * * LOW HITPOINT WARNING * * *
You climb upwards.
Level annotation: 1 runed translucent door, GameOver's ghost, novice NaWz
There is a stone staircase leading down here.
You feel much better.
The two-headed ogre hits you with a +0 giant club!!
* * * LOW HITPOINT WARNING * * *
You block the two-headed ogre's attack.
You barely miss the two-headed ogre.
The two-headed ogre is almost dead.
You closely miss the two-headed ogre.
The two-headed ogre is almost dead.
You hit the two-headed ogre.
The two-headed ogre is almost dead.
The two-headed ogre hits you with a +0 giant club!
You die...

#.# #.###...#...##.# #.### ####<#
#.# ##.####.##.# #.# #
.)...###.## #..###.##.# #.###
###.).....####.#...##.# #....
#..##..).###(#.####.## ##.##
#.....#<>............# #.#
#.###....#.#.#.####♣♣♣♣♣♣ #.# #.#
###.##.#.#.# ♣♣ ...♣♣♣#.#
###.#####.##.#.#@# .♣♣...♣♣..##
.............#.#O### ♣......♣....
...................♣♣♣(.♣...♣♣###
..#######.##.#.####♣hi♣i♣h.♣.♣
.....# #.##.### ♣i♣##+##♣.♣###
#.##.# #.##.# ♣♣#⌠...⌠#♣♣...
#.##.####)##.#######.........####
#.##....#)##.............###.#
#.#####.#.##.############# #.#


You could see a two-headed ogre (poisoned).

Vanquished Creatures
  2 two-headed ogres (D:8)
  Urug (D:11)
  Sigmund (D:3)
  A human (D:7)
  4 hogs
  2 water moccasins
  An orc warrior (D:10)
  6 ice beasts
  A sky beast (D:9)
  A necrophage (D:10)
  2 phantoms
  6 ogres
  3 centaurs
  A crocodile (D:10)
  2 big kobolds
  3 bullfrogs
  A wyvern zombie (D:8)
  A wyvern skeleton (D:8)
  A scorpion (D:4)
  A water moccasin skeleton (D:8)
  3 killer bees (D:9)
  6 crimson imps
  7 jellies
  A quasit (D:5)
  2 orc priests
  3 bullfrog skeletons
  5 hounds
  5 orc wizards
  4 iguanas
  9 worker ants
  A hound skeleton (D:7)
  A worker ant zombie (D:10)
  12 adders
  4 gnolls (D:8)
  3 shadow imps
  17 oozes (D:9)
  2 adder skeletons (D:4)
  4 worms
  A dart slug (D:1)
  3 leopard geckos
  15 orcs
  3 giant cockroaches
  4 goblins
  2 hobgoblins
  15 jackals
  6 quokkas
  2 bats (D:2)
  2 frilled lizards (D:2)
  A giant cockroach zombie (D:5)
  19 kobolds
  2 quokka skeletons
  5 rats
210 creatures vanquished.

Vanquished Creatures (others)
  3 fungi (D:9)
  2 plants (D:10)
5 creatures vanquished.

Grand Total: 215 creatures vanquished

Notes
Turn   | Place    | Note
-------+----------+-------------------------------------------
     0 | D:1      | MarredHen the Kobold Assassin began the quest for the Orb.
     0 | D:1      | Reached XP level 1. HP: 12/12 MP: 1/1
    42 | D:1      | Reached XP level 2. HP: 2/17 MP: 2/2
   861 | D:1      | Reached XP level 3. HP: 16/21 MP: 3/3
  1010 | D:1      | Reached skill level 6 in Stealth
  1363 | D:2      | Reached XP level 4. HP: 24/27 MP: 4/4
  1989 | D:3      | Found a shimmering blue altar of Sif Muna.
  1996 | D:3      | Noticed Sigmund
  2010 | D:3      | Killed Sigmund
  2010 | D:3      | Reached XP level 5. HP: 18/32 MP: 5/5
  2010 | D:3      | Reached XP level 6. HP: 21/37 MP: 6/6
  2312 | D:3      | Reached skill level 7 in Stealth
  2700 | D:3      | Found a radiant altar of Vehumet.
  2701 | D:3      | Found a hazy altar of Hepliaklqana.
  2711 | D:3      | Found a sacrificial altar of Ru.
  2713 | D:3      | Found a snail-covered altar of Cheibriados.
  3028 | D:4      | Noticed a phantom
  3050 | D:4      | Reached XP level 7. HP: 41/42 MP: 7/7
  3660 | D:4      | Reached skill level 5 in Short Blades
  4114 | D:5      | Entered Level 5 of the Dungeon
  4240 | D:5      | Reached XP level 8. HP: 47/48 MP: 8/8
  4381 | D:5      | Reached skill level 8 in Stealth
  4579 | D:5      | Reached skill level 5 in Throwing
  4581 | D:5      | Found a basalt altar of Yredelemnul.
  4587 | D:5      | Found an ornate altar of the Wu Jian Council.
  4588 | D:5      | Found a bloodstained altar of Trog.
  4597 | D:5      | Found a shadowy altar of Dithmenos.
  4600 | D:5      | Found a burning altar of Makhleb.
  4624 | D:5      | Became a worshipper of Dithmenos the Shadowed
  4989 | D:5      | Reached skill level 5 in Fighting
  5073 | D:6      | Found a staircase to the Ecumenical Temple.
  5389 | D:6      | Reached skill level 5 in Dodging
  6425 | D:7      | Got a pair of dazzling boots
  6437 | D:7      | Identified the +3 pair of boots of the End {Str+2} (You
                  | found it on level 7 of the Dungeon)
  6496 | D:7      | Reached skill level 9 in Stealth
  6496 | D:7      | Reached XP level 9. HP: 48/54 MP: 9/9
  7675 | D:7      | Reached skill level 10 in Stealth
  8082 | D:8      | Found a blossoming altar of Fedhas.
  8271 | D:8      | Noticed a two-headed ogre
  8611 | D:8      | Reached * piety under Dithmenos
  8771 | D:8      | Reached XP level 10. HP: 63/63 MP: 10/10
  8897 | D:8      | Reached skill level 11 in Stealth
  9317 | D:8      | Killed a two-headed ogre
  9430 | D:9      | Found a sparkling altar of Nemelex Xobeh.
  9527 | D:9      | Reached skill level 10 in Short Blades
  9797 | D:9      | Noticed an oklob plant
 10172 | D:9      | Noticed a two-headed ogre
 10219 | D:8      | Killed a two-headed ogre
 10219 | D:8      | Reached skill level 12 in Stealth
 10614 | D:9      | Found a staircase to the Lair.
 10658 | D:9      | Reached ** piety under Dithmenos
 11103 | D:9      | Found an ancient bone altar of Kikubaaqudgha.
 11594 | D:10     | Entered Level 10 of the Dungeon
 11600 | D:10     | Found a portal to a secret trove of treasure.
 11870 | D:10     | Reached XP level 11. HP: 71/71 MP: 11/11
 12421 | D:10     | Found a shadowy altar of Dithmenos.
 12494 | D:10     | Reached skill level 13 in Stealth
 12758 | D:10     | Found a runed translucent door.
 12760 | D:10     | Identified the +6 trident of Quwecait {flame, MR+ Str+4}
 12762 | D:10     | Noticed GameOver's ghost (novice NaWz)
 12908 | D:11     | Noticed Urug
 12909 | D:11     | Killed Urug
 12909 | D:11     | Reached skill level 10 in Fighting
 13032 | D:11     | Noticed a two-headed ogre
 13047 | D:11     | HP: 3/71 [two-headed ogre/+0 giant club (3)]
 13052 | D:10     | Mangled by a two-headed ogre

Illustrated notes

Levels and vault maps discovered:
D:1:      heliophobic_arrival_enchanted_forest, layout_basic
D:2:      cheibrodos_helix_gallery, layout_rooms, first_ration
D:3:      layout_basic, nicolae_overflow_crystal_walls, minitemple, uniq_sigmund
D:4:      layout_loops_ring
D:5:      layout_basic, minmay_overflow_temple_star_hex
D:6:      layout_layer_cave, minmay_temple_entry_arrows
D:7:      layout_gridville, grunt_livestock
D:8:      layout_loops_cross, lemuel_coloured_pillars_altar
D:9:      lemuel_slime, layout_stronghold, kennysheep_mini, dpeg_oklobed_lair,
          basic_altar
D:10:     layout_loops_ring, ebering_ghost_funeral_grove,
          nicolae_trove_entry_crossroad, grunt_dithmenos_smoke_and_mirrors
D:11:     layout_roguey, orc_0_dummy, chequers_serial_rivers_small_3,
          uniq_harold, uniq_urug
D:12:     layout_roguey, nicolae_qazlal_general_emergency

Skill      XL: |  1  2  3  4  5  6  7  8  9 10 11 |
---------------+----------------------------------+-----
Short Blades   | 3 4 5 6 9 11 | 11.7
Stealth        | 6 7 9 10 12 13 | 13.4
Dodging        | 3 4 5 |  5.0
Throwing       | 3 4 5 |  5.2
Fighting       | 3 4 5 7 9 10 | 10.0

Action                   |  1- 3 |  4- 6 |  7- 9 | 10-12 || total
-------------------------+-------+-------+-------+-------++-------
Melee: Dagger            |    12 |       |       |       ||    12
       Short sword       |    66 |    81 |   373 |   430 ||   950
Throw: Dart              |     9 |    13 |    43 |    33 ||    98
Evoke: Wand              |       |       |     1 |     2 ||     3
  Use: Scroll            |       |     5 |    11 |     2 ||    18
       Potion            |       |       |     5 |     1 ||     6
 Stab: Sleeping          |     8 |     4 |    16 |    20 ||    48
       Distracted        |       |       |     1 |     3 ||     4
       Paralysed         |       |       |     1 |       ||     1
  Eat: Chunk             |     5 |     1 |    15 |    17 ||    38
       Ration            |       |       |     4 |       ||     4
Armor: Robe              |    15 |    15 |    75 |    59 ||   164
Dodge: Dodged            |    77 |    56 |   377 |   177 ||   687
Block: Kite shield       |       |       |       |    80 ||    80

Table legend:
 A = Non-vault XP
 B = Vault XP
 C = Vault XP percentage of total XP
 D = Non-vault monster count
 E = Vault monster count
 F = Vault count percentage of total count
                 A         B        C        D         E       F
            +---------+---------+-------+---------+---------+-------
      Total |    7647 |    2320 |  23.3 |     181 |      29 |  13.8
            +---------+---------+-------+---------+---------+-------
        D:1 |      42 |       0 |   0.0 |      22 |       0 |   0.0
        D:2 |      66 |       6 |   8.3 |      14 |       2 |  12.5
        D:3 |     117 |     238 |  67.0 |      14 |       1 |   6.7
        D:4 |     466 |       0 |   0.0 |      13 |       0 |   0.0
        D:5 |     606 |       0 |   0.0 |      12 |       0 |   0.0
        D:6 |     106 |     388 |  78.5 |       4 |       2 |  33.3
        D:7 |     410 |     612 |  59.9 |      15 |       3 |  16.7
        D:8 |    2991 |       0 |   0.0 |      30 |       0 |   0.0
        D:9 |     968 |     257 |  21.0 |      23 |      20 |  46.5
       D:10 |    1843 |       0 |   0.0 |      33 |       0 |   0.0
       D:11 |      32 |     819 |  96.2 |       1 |       1 |  50.0
            +---------+---------+-------+---------+---------+-------
